 Dungeon Crawl Stone Soup version 0.27-a0-1065-ge809cff456 (webtiles) character file.

Game seed: 16869738210545947166

64 kae the Ruffian (level 3, -28/28 HPs)
             Began as a Draconian Transmuter on Apr 22, 2021.
             Killed by an exploding endoplasm (43 damage)
             ... ignited by their inner flame
             ... on level 3 of the Dungeon.
             The game lasted 00:01:01 (2611 turns).

kae the Ruffian (Draconian Transmuter)              Turns: 2611, Time: 00:01:01

Health: -28/28     AC:  6    Str: 13    XL:     3   Next: 91%
Magic:  6/6        EV: 12    Int: 13    God:
Gold:   113        SH:  0    Dex: 11    Spells: 2/6 levels left

rFire    . . .     SeeInvis .     - Unarmed
rCold    . . .     Faith    .   (no shield)
rNeg     . . .     Spirit   .   (armour unavailable)
rPois    .         Reflect  .   (helmet restricted)
rElec    .         Harm     .   a - +0 cloak
rCorr    .         Rampage  .   (no gloves)
Will     .....                  (no boots)
Stlth    +.........             (no amulet)
HPRegen  0.09/turn              (no ring)
MPRegen  0.10/turn              (no ring)

@: no status effects
A: AC +5, unfitting armour, cold-blooded
a: no special abilities


You were on level 3 of the Dungeon.
You visited 1 branch of the dungeon, and saw 3 of its levels.

You collected 113 gold pieces.

Inventory:

Armour
 a - a +0 cloak (worn)
Scrolls
 g - a scroll of teleportation
 h - a scroll of identify
Potions
 b - a potion of brilliance {unknown}
 c - a potion of mutation {unknown}
 i - a potion of degeneration {unknown}


   Skills:
 + Level 1.5 Fighting
 + Level 2.1 Dodging
 * Level 3.6 Unarmed Combat
 + Level 2.3 Spellcasting
 * Level 2.7 Transmutations
 * Level 0.8 Poison Magic


You had 2 spell levels left.
You knew the following spells:

 Your Spells              Type           Power      Damage    Failure   Level
a - Beastly Appendage     Tmut           16%        N/A       9%          1
b - Spider Form           Tmut/Pois      3%         N/A       34%         3

Your spell library contained the following spells:

 Spells                   Type           Power      Damage    Failure   Level
 Wereblood                Tmut           8%         N/A       12%         2
 Ice Form                 Ice/Tmut       5%         N/A       80%         4
 Hydra Form               Tmut           4%         N/A       92%         5


Dungeon Overview and Level Annotations

Branches:
Dungeon (3/15)

Altars:


Innate Abilities, Weirdness & Mutations

Your plain brown scales are hard. (AC +5)
You cannot fit into any form of body armour.
You are cold-blooded and may be slowed by cold attacks.


Message History

Done exploring.
No target in view!
No target in view!
Done exploring.
Done exploring.
Done exploring.
Done exploring.
Casting: Beastly Appendage (safe; 9% risk of failure)
Confirm with . or Enter, or press ? or * to list all spells.
You grow a pair of large bovine horns.
Your feet morph into talons.
No target in view!
No target in view!
Unknown command.
(D) Dungeon
Where to? (Enter - D:2, ? - help)
Your transformation is almost over.
You see here a jackal corpse.
Your horns disappear.
Your talons disappear.
There is a stone staircase leading down here.
You climb downwards.
You hear the sound of rushing water.
There is an entrance to a sewer on this level.
Hurry and find it before the portal rusts away!
An endoplasm comes into view.
Found 2 bubbling blue potions.
There is a stone staircase leading up here.
As you read the scroll labelled HAIMEI ROJURGH, it crumbles to dust.
It is a scroll of brand weapon.
You aren't carrying any weapons that can be branded.
The endoplasm quivers.
As you read the scroll labelled ASIDEO JUVVE, it crumbles to dust.
The creatures around you are filled with an inner flame!
It was a scroll of immolation.
As you read the scroll labelled QULUIW EPPINYT, it crumbles to dust.
Your body is wracked with pain!
The endoplasm convulses!
Flame seeps out of the endoplasm.
It was a scroll of torment.
The endoplasm is engulfed in blazing flames.
The endoplasm explodes!
The fiery explosion engulfs you!!!
Ouch! That really hurt!
You die...

## .# ##§##
#@○§#
#...§§.....
#.#...####.
#.##### #


There were no monsters in sight!

Vanquished Creatures
  2 adders (D:2)
  3 dart slugs
  6 endoplasms
  A giant cockroach (D:1)
  5 goblins
  5 hobgoblins
  5 jackals (D:2)
  4 kobolds
  2 ball pythons
  2 frilled lizards (D:1)
  3 rats
38 creatures vanquished.

Notes
Turn   | Place    | Note
-------+----------+-------------------------------------------
     0 | D:1      | kae the Draconian Transmuter began the quest for the Orb.
     0 | D:1      | Reached XP level 1. HP: 16/16 MP: 3/3
   327 | D:1      | Reached XP level 2. HP: 19/23 MP: 3/5
  1368 | D:2      | Reached XP level 3. HP: 24/28 MP: 4/6
  1381 | D:2      | Learned a level 3 spell: Spider Form
  2611 | D:3      | Killed by an exploding endoplasm... ignited by their inner
                  | flame

Illustrated notes

Levels and vault maps discovered:
D:1:      nicolae_arrival_washed_ashore, layout_loops_corners
D:2:      layout_basic, kennysheep_generic_room_12
D:3:      layout_loops_ring, nicolae_overflow_crystal_walls,
          gup_sewer_entry_pipe, minmay_starry_boxes

Skill      XL: |  1  2 |
---------------+-------+-----
Dodging        | 2 |  2.1
Fighting       | |  1.5
Unarmed Combat | |  3.6
Spellcasting   | |  2.3
Transmutations | |  2.7
Poison Magic   | |  0.8

Action                   || total
-------------------------++-------
Melee: Unarmed           ||    92
       Kick              ||    11
       Headbutt          ||     6
       Tailslap          ||    13
       Punch             ||     1
 Cast: Beastly Appendage ||    19
  Use: Scroll            ||     6
       Potion            ||     1
Armor: Skin              ||    34
Dodge: Dodged            ||    54

Table legend: (Time is in decaauts)
 A = Elapsed time spent in this place.
 B = Non-inter-level travel time spent in this place.
 C = Inter-level travel time spent in this place.
 D = Time resting spent in this place.
 E = Time spent auto-exploring this place.
 F = Levels seen in this place.
 G = Mean time per level.
                   A        B        C        D        E       F      G
               +--------+--------+--------+--------+--------+-----+--------+
         Total |   2613 |   2571 |     42 |      9 |   2306 |   3 |  871.0 |
       Dungeon |   2613 |   2571 |     42 |      9 |   2306 |   3 |  871.0 |
               +--------+--------+--------+--------+--------+-----+--------+

Top non-repeatable levels by time:
     D:2: 1566 daAuts
     D:1: 1044 daAuts
     D:3: 2 daAuts
